 Dungeon Crawl Stone Soup version 0.30-a0-377-g5cb311bc9f (webtiles) character file.

Game seed: 122756511422344461

398 NinjaNoafa the Ruffian (level 6, -4/59 HPs)
             Began as a Troll Monk on Nov 29, 2022.
             Killed from afar by Blork the orc (5 damage)
             ... with a magic dart
             ... on level 5 of the Dungeon.
             The game lasted 00:06:50 (3199 turns).

NinjaNoafa the Ruffian (Troll Monk)                 Turns: 3199, Time: 00:06:51

Health: -4/59      AC:  4    Str: 26    XL:     6   Next: 53%
Magic:  14/14      EV: 10    Int:  6    God:
Gold:   201        SH:  0    Dex: 14    Spells: 5/5 levels left

rFire   . . .      SeeInvis .      - Unarmed
rCold   . . .      Faith    .    (no shield)
rNeg    . . .      Spirit   .    a - +0 robe
rPois   .          Reflect  .    (helmet restricted)
rElec   .          Harm     .    (no cloak)
rCorr   .          Rampage  .    (gloves unavailable)
Will    .....                    (boots unavailable)
Stlth   +.........               k - amulet of regeneration
HPRegen 1.89/turn                q - ring of magical power
MPRegen 0.14/turn                s - +6 ring of strength

@: confused, lethally poisoned (-4 -> -12), ambrosia-drunk
A: large, unfitting armour, claws 3, regeneration 1, shaggy fur 1, tough skin 1
a: no special abilities


You were on level 5 of the Dungeon.
You visited 2 branches of the dungeon, and saw 6 of its levels.

You collected 237 gold pieces.
You spent 36 gold pieces at shops.

Inventory:

Missiles
 c - 49 stones
 m - 13 poisoned darts
 y - 6 boomerangs (quivered)
Armour
 a - a +0 robe (worn)
Jewellery
 i - a ring of ice
 k - an amulet of regeneration (around neck)
 q - a ring of magical power (left claw)
 s - a +6 ring of strength (right claw)
Wands
 u - a wand of charming (2)
Scrolls
 f - a scroll of vulnerability {unknown}
 p - a scroll of immolation
 r - 4 scrolls of teleportation {unknown}
 v - a scroll of fear {unknown}
 w - a scroll of magic mapping {unknown}
 x - 3 scrolls of noise {unknown}
Potions
 d - 2 potions of mutation
 e - a potion of magic
 g - a potion of lignification
 h - 2 potions of haste
 j - a potion of might
 l - 2 potions of flight
 n - a potion of invisibility {unknown}
 o - a potion of degeneration {unknown}
 t - a potion of heal wounds {unknown}


   Skills:
 - Level 2.4 Fighting
 - Level 2.4 Dodging
 - Level 1.0 Stealth
 + Level 7.5 Unarmed Combat


You had 5 spell levels left.
You didn't know any spells.
Your spell library contained the following spells:

 Spells                   Type           Power      Damage    Failure   Level
 Gell's Gravitas          Tloc           0%         N/A       83%         3
 Teleport Other           Tloc           0%         N/A       83%         3
 Vhi's Electric Charge    Tloc/Air       0%         N/A       83%         3
 Arcjolt                  Conj/Air       0%         1d10      100%        5
 Dispersal                Tloc           0%         N/A       100%        6
 Maxwell's Capacitive Co  Air            0%         ∞         100%        8


Dungeon Overview and Level Annotations

Branches:
Dungeon (5/15)             Temple (1/1) D:5

Altars:
Ashenzari
Cheibriados
Dithmenos
Elyvilon
Gozag
Hepliaklqana
Kikubaaqudgha
Makhleb
Nemelex Xobeh
Okawaru
Qazlal
Ru
Sif Muna
Trog
Uskayaw
Xom
Yredelemnul
Zin
The Shining One

Shops:
D:5 (

Annotations:
D:5 Blork the orc


Innate Abilities, Weirdness & Mutations

You are too large for most types of armour.
You have claws for hands.
Your natural rate of healing is unusually fast.
You are covered in fur. (AC +1)
You have tough skin. (AC +1)


Message History

You barely miss the gnoll.
You feel sick.
Blork the orc miscasts a cantrip.
The gnoll sergeant hits you from afar with a +2 trident of venom.
You are more poisoned.
The gnoll completely misses you.
You closely miss the gnoll.
You feel very sick.
You closely miss the gnoll.
You feel sick. The gnoll hits you with a +0 whip!
The gnoll sergeant barely misses you.
You are confused.
You feel invigorated.
You feel sick.
The gnoll sergeant hits you from afar with a +2 trident of venom!
* * * LOW HITPOINT WARNING * * *
You are more poisoned.
The gnoll misses you.
You closely miss the gnoll.
You feel very sick. The gnoll misses you.
The gnoll sergeant completely misses you.
You claw the gnoll!
You kill the gnoll!
You feel very sick.
The gnoll sergeant hits you from afar with a +2 trident of venom.
* * * LOW HITPOINT WARNING * * *
You are more poisoned.
You bump into the rock wall.
You feel very sick.
Blork the orc points at you and mumbles some strange words.
The puff of frost misses you.
The gnoll sergeant hits you from afar with a +2 trident of venom!
* * * LOW HITPOINT WARNING * * *
You are more poisoned.
Blork the orc hits you but does no damage.
You barely miss Blork the orc.
* * * LOW HITPOINT WARNING * * *
You feel very sick. The gnoll sergeant barely misses you.
Blork the orc gestures at you while chanting.
The magic dart hits you.
You die...

###..##.#### #..#. ....
#..........# #...##.... .
#.#.##..##.# #...#.#.. ..
####.#.##..##.# #....#.# ..
...........##.## #..$..# .#
..##...#...#...###.....#.#
.#..#.#...).###.##g.....#.#
.#....#..#..# #.♣ogg..)..#
..#....##...###.@##..........
.....>.........♣∩♣#..........
..##....#..##.#..##......##..
.#.)#....#......♣##.....#.# .
[...#.#..#..#.#. #....#.#.#
[).#...##....... .....##.#..
##............#. .#...#. #...
#.#........#### #.######.###
...##........


You could see Blork the orc (fast), a gnoll sergeant and 2 gnolls.

Vanquished Creatures
  An ogre (D:4)
  A hound (D:5)
  2 orc priests
  4 orc wizards
  A gnoll (D:5)
  4 adders
  2 dart slugs
  14 orcs
  2 endoplasms
  A giant cockroach (D:1)
  6 goblins
  6 hobgoblins
  2 jackals (D:2)
  A quokka (D:2)
  7 ball pythons
  5 bats
  3 frilled lizards
  7 kobolds
  5 rats
74 creatures vanquished.

Vanquished Creatures (others)
  5 plants
5 creatures vanquished.

Grand Total: 79 creatures vanquished

Notes
Turn   | Place    | Note
-------+----------+-------------------------------------------
     0 | D:1      | NinjaNoafa the Troll Monk began the quest for the Orb.
     0 | D:1      | Reached XP level 1. HP: 22/22 MP: 0/0
   251 | D:1      | Reached XP level 2. HP: 29/29 MP: 1/1
   551 | D:2      | Reached skill level 4 in Unarmed Combat
   596 | D:2      | Reached XP level 3. HP: 35/36 MP: 2/2
   649 | D:2      | Found a faded altar of an unknown god.
  1572 | D:3      | Found a snail-covered altar of Cheibriados.
  1823 | D:3      | Reached skill level 5 in Unarmed Combat
  1823 | D:3      | Reached XP level 4. HP: 37/44 MP: 3/3
  2260 | D:4      | Noticed an ogre
  2283 | D:4      | Reached skill level 6 in Unarmed Combat
  2283 | D:4      | Reached XP level 5. HP: 37/50 MP: 4/4
  2636 | D:4      | Reached XP level 6. HP: 45/59 MP: 5/5
  2762 | D:4      | Found a sacrificial altar of Ru.
  2768 | D:4      | Found a broken altar of Ashenzari.
  2773 | D:4      | Found a hide-covered altar of Uskayaw.
  2825 | D:5      | Entered Level 5 of the Dungeon
  3042 | D:5      | Found a staircase to the Ecumenical Temple.
  3054 | D:5      | Reached skill level 7 in Unarmed Combat
  3076 | Temple   | Entered the Ecumenical Temple
  3157 | D:5      | Found Kyinoi's Weapon Emporium.
  3167 | D:5      | Bought 6 boomerangs for 36 gold pieces
  3183 | D:5      | Noticed Blork the orc
  3198 | D:5      | HP: 1/59 [gnoll sergeant/+2 trident of venom (12)]
  3199 | D:5      | Killed from afar by Blork the orc

Illustrated notes

Levels and vault maps discovered:
D:1:      scummos_arrival_simple_fountains, layout_rooms, st_stairs_13,
          nrook_mini_backslash, dreamdust_mushroom_princess, serial_bayou_lake_a
D:2:      layout_loops_ring, nicolae_ecumenical_oubliette
D:3:      layout_rooms, kennysheep_slug_shrine, serial_bayou,
          serial_bayou_pond_c, serial_bayou_pond_d, serial_bayou_pond_e,
          serial_bayou_ford_a, minmay_misc_feat_chi, dk_vineyard_3,
          grunt_decor_resistance, kennysheep_generic_room_3
D:4:      layout_basic, minmay_overflow_temple_star_quad,
          chequers_serial_rivers_micro_c, serial_bayou_pond_b
D:5:      layout_loops_ring, minmay_temple_entry_mini_moons, serial_shops,
          nicolae_shop_trees, minmay_misc_feat_secret_circle, dk_noncrumbling_4,
          uniq_blork_the_orc
Temple:   hellmonk_temple_of_storms

Skill      XL: |  1  2  3  4  5  6 |
---------------+-------------------+-----
Unarmed Combat | 4 5 6 7 |  7.5
Fighting       | |  2.4
Dodging        | |  2.4
Stealth        | |  1.0

Action                   |  1- 3 |  4- 6 || total
-------------------------+-------+-------++-------
Melee: Unarmed           |   102 |    89 ||   191
       Punch             |     3 |     3 ||     6
Throw: Boomerang         |       |    10 ||    10
Evoke: Wand              |       |     2 ||     2
  Use: Scroll            |     6 |     1 ||     7
       Potion            |       |     1 ||     1
 Stab: Betrayed ally     |       |     1 ||     1
       Sleeping          |       |     1 ||     1
Armor: Robe              |    43 |    20 ||    63
Dodge: Dodged            |    59 |    58 ||   117

Table legend: (Time is in decaauts)
 A = Elapsed time spent in this place.
 B = Non-inter-level travel time spent in this place.
 C = Inter-level travel time spent in this place.
 D = Time resting spent in this place.
 E = Time spent auto-exploring this place.
 F = Levels seen in this place.
 G = Mean time per level.
                   A        B        C        D        E       F      G
               +--------+--------+--------+--------+--------+-----+--------+
         Total |   3235 |   2578 |    657 |      0 |   1958 |   6 |  539.2 |
       Dungeon |   3188 |   2541 |    647 |      0 |   1936 |   5 |  637.6 |
        Temple |     46 |     36 |     10 |      0 |     22 |   1 |   46.0 |
               +--------+--------+--------+--------+--------+-----+--------+

Top non-repeatable levels by time:
     D:2: 859 daAuts
     D:3: 845 daAuts
     D:1: 708 daAuts
     D:4: 631 daAuts
     D:5: 143 daAuts
  Temple: 46 daAuts
